 Dungeon Crawl Stone Soup version 0.19.1 (webtiles) character file.

24285 lorenzova the Eclecticist (level 12, -4/88 HPs)
             Began as a Deep Elf Conjurer on Dec 12, 2016.
             Was a High Priest of Vehumet.
             Slain by Vajrapani's ghost (12 damage)
             ... in a labyrinth.
             The game lasted 00:35:43 (16421 turns).

lorenzova the Eclecticist (Deep Elf Conjurer)      Turns: 16421, Time: 00:35:44

Health: -4/88      AC: 14    Str: 15    XL:     12   Next: 79%
Magic:  3/33       EV: 13    Int: 26    God:    Vehumet [*****.]
Gold:   634        SH:  0    Dex: 15    Spells: 5 memorised, 25 levels left

rFire  + + .     SeeInvis .     H - +2 mace "Muzeyn" {flame, rPois}
rCold  + . .     Gourm    .     O - +3 ring mail of Qooderch {rC+ rN++}
rNeg   + + .     Faith    .     (no shield)
rPois  +         Spirit   .     (no helmet)
rElec  .         Reflect  .     (no cloak)
rCorr  .         Harm     .     p - +0 pair of gloves (curse)
MR     +....                    N - +2 pair of boots
Stlth  ..........               Q - amulet of regeneration
                                s - ring "Zacsagie" {*Drain +Blink rF++ Str+2}
                                z - +3 ring of strength

@: berserking (expiring), very quick
A: no striking features
a: Renounce Religion, Evoke Blink


You were in a labyrinth.
You worshipped Vehumet.
Vehumet was extremely pleased with you.
You were very hungry.

You visited 3 branches of the dungeon, and saw 16 of its levels.
You also visited: Labyrinth.

You collected 895 gold pieces.
You spent 261 gold pieces at shops.

Inventory:

Hand Weapons
 H - the +2 mace "Muzeyn" (weapon) {flame, rPois}
   (You found it on level 5 of the Dungeon)

   It has been specially enchanted to burn those struck by it, causing extra
   injury to most foes and up to half again as much damage against particularly
   susceptible opponents.
   It protects you from poison.
Armour
 p - a cursed +0 pair of gloves (worn)
 N - a +2 pair of boots (worn)
 O - the +3 ring mail of Qooderch (worn) {rC+ rN++}
   (You bought it in a shop on level 6 of the Dungeon)

   It protects you from cold.
   It greatly protects you from negative energy.
Magical Staves
 g - an uncursed staff of cold
 x - an uncursed staff of air
Jewellery
 s - the ring "Zacsagie" (right hand) {*Drain +Blink rF++ Str+2}
   (You found it on level 5 of the Dungeon)

   [ring of strength]

   It affects your strength (+2).
   It greatly protects you from fire.
   It lets you blink.
   It causes draining when unequipped.
 z - a +3 ring of strength (left hand)
 Q - an amulet of regeneration (around neck)
Wands
 b - a wand of random effects (19/48)
 u - a wand of teleportation (3/9)
 w - a wand of digging (9/24)
Scrolls
 f - a scroll of enchant armour {unknown}
 h - 2 scrolls of blinking
 i - 9 scrolls of remove curse
 j - 6 scrolls of teleportation
 t - a scroll of fog {unknown}
 y - 2 scrolls of immolation {unknown}
 C - 4 scrolls of enchant weapon {unknown}
 E - 6 scrolls of amnesia {unknown}
 L - a scroll of acquirement {unknown}
 M - a scroll of fear {unknown}
 P - a scroll of magic mapping {unknown}
 W - 2 scrolls of recharging
Potions
 k - 8 potions of heal wounds
 l - 2 potions of flight
 m - a potion of brilliance {unknown}
 o - 2 potions of might
 r - 6 potions of curing
 B - a potion of resistance
 F - 5 potions of haste {unknown}
 K - a potion of magic {unknown}
 R - a potion of degeneration {unknown}
Books
 e - a book of Flames

   Spells                             Type                      Level
   a - Flame Tongue                   Conjuration/Fire             1
   b - Throw Flame                    Conjuration/Fire             2
   c - Conjure Flame                  Conjuration/Fire             3
   d - Inner Flame                    Hexes/Fire                   3
   e - Sticky Flame                   Conjuration/Fire             4
   f - Fireball                       Conjuration/Fire             5
Miscellaneous
 a - a crystal ball of energy
Comestibles
 c - 16 bread rations
 d - 2 meat rations
 q - a beef jerky
 v - 3 fruits


   Skills:
 + Level 8.1 Armour
 + Level 4.8 Dodging
 - Level 2.4 Stealth
 + Level 15.1 Spellcasting
 + Level 13.4 Conjurations
 - Level 11.0 Charms
 * Level 4.8 Fire Magic


You had 25 spell levels left.
You knew the following spells:

 Your Spells              Type           Power        Failure   Level  Hunger
a - Magic Dart            Conj           ####         1%          1    None
b - Iskenderun's Battles  Conj/Chrm      ######..     1%          5    #......
c - Iskenderun's Mystic   Conj           ######..     1%          4    None
d - Pain                  Necr           ###.         6%          1    None
f - Fireball              Conj/Fire      ######....   1%          5    #......


Dungeon Overview and Level Annotations

Branches:
Dungeon (10/15)            Temple (1/1) D:6            Lair (5/6) D:8
 Shoals (0/4) Lair:4        Snake (0/4) Lair:3
  Slime: Lair:5-6       Orc: D:9-12

Altars:
Ashenzari
Cheibriados
Dithmenos
Elyvilon
Gozag
Hepliaklqana
Kikubaaqudgha
Nemelex Xobeh
Okawaru
Qazlal
Ru
Sif Muna
Trog
Uskayaw
Vehumet
Xom
Yredelemnul
Zin

Shops:
D:6 [   D:9 %

Annotations:
Lab Vajrapani's ghost, journeyman DrMo


Message History

Vajrapani's ghost hits you but does no damage.
You hit Vajrapani's ghost. You burn Vajrapani's ghost.
Vajrapani's ghost is almost destroyed.
Vajrapani's ghost hits you!
* * * LOW HITPOINT WARNING * * *
You are too berserk!
You are too berserk!
You hit Vajrapani's ghost. You burn Vajrapani's ghost.
Vajrapani's ghost is almost destroyed.
You barely miss Vajrapani's ghost.
Vajrapani's ghost is almost destroyed.
Vajrapani's ghost barely misses you.
You hit Vajrapani's ghost. You burn Vajrapani's ghost.
Vajrapani's ghost is almost destroyed.
Vajrapani's ghost hits you but does no damage.
A hungry ghost comes into view.
You miss Vajrapani's ghost.
Vajrapani's ghost is almost destroyed.
Vajrapani's ghost hits you!
You die...

#.. #.# #
## .#
#... . #
###.###
#.#.#
###.#.#
#.....# #
#.#####..
#@W.....W
#####.#.#


You could see a hungry ghost and Vajrapani's ghost.

Vanquished Creatures
  Fannar (Lair:3)
  4 hydras
  The ghost of Fartwhistle the Protected, a journeyman HuFi of Okawaru (D:10)
  Urug (Lair:3)
  Sonja (Lair:2)
  A manticore (Lair:4)
  A black mamba (Lair:2)
  An elephant (D:8)
  4 spiny frogs
  A gargoyle (D:10)
  3 komodo dragons
  The ghost of empire the Covert, a novice VSAs (D:5)
  A queen bee (D:9)
  A polar bear (Lair:2)
  Prince Ribbit (D:5)
  6 hippogriffs
  A wraith (D:10)
  2 spriggans (Lair:2)
  Sigmund (D:2)
  A wyvern (Lair:3)
  19 yaks
  6 basilisks
  A hungry ghost (Lab)
  Menkaure (D:7)
  A naga (Lair:3)
  6 water moccasins
  9 porcupines
  Duvessa (D:6)
  3 orc warriors
  A phantom (D:9)
  2 black bears
  2 sky beasts
  17 wolves
  7 ogres
  3 centaurs
  11 crocodiles
  8 bullfrogs
  Dowan (D:6)
  2 scorpions
  22 killer bees
  17 wights
  An electric eel (Lair:5)
  2 howler monkeys
  2 crimson imps (D:9)
  2 centaur zombies
  A quasit (D:7)
  2 jellies
  4 orc priests
  The ghost of dscm the Changer, a weakling FeTm (D:4)
  Crazy Yiuf (D:5)
  2 centaur skeletons
  6 hounds
  5 orc wizards
  Natasha (D:2)
  5 iguanas
  7 worker ants
  2 worker ant zombies
  17 adders
  A shadow imp (D:6)
  An ooze (D:8)
  2 worms
  4 leopard geckos
  32 orcs
  3 bats
  5 giant cockroaches
  9 goblins
  9 hobgoblins
  6 jackals
  6 quokkas
  A ball python (D:3)
  A frilled lizard (D:1)
  7 kobolds
  3 rats
  A fungus (Lair:4)
326 creatures vanquished.

Vanquished Creatures (others)
  A fungus (Lair:4)
1 creature vanquished.

Grand Total: 327 creatures vanquished

Notes
Turn   | Place    | Note
-------+----------+-------------------------------------------
     0 | D:1      | lorenzova the Deep Elf Conjurer began the quest for the Orb.
     0 | D:1      | Reached XP level 1. HP: 10/10 MP: 6/6
   424 | D:1      | Reached XP level 2. HP: 15/15 MP: 6/8
   655 | D:1      | Reached skill level 4 in Spellcasting
   974 | D:2      | Reached XP level 3. HP: 19/19 MP: 1/10
  1066 | D:2      | Reached skill level 5 in Conjurations
  1485 | D:2      | Noticed Sigmund
  1679 | D:3      | Found a sacrificial altar of Ru.
  1695 | D:3      | Found an iron altar of Okawaru.
  1844 | D:3      | Found an ancient bone altar of Kikubaaqudgha.
  1851 | D:3      | Reached XP level 4. HP: 24/24 MP: 6/12
  1854 | D:3      | Learned a level 1 spell: Pain
  1906 | D:3      | Found a white marble altar of Elyvilon.
  1911 | D:3      | Reached skill level 5 in Spellcasting
  2109 | D:3      | Found a shattered altar of Ashenzari.
  2143 | D:3      | Found a faded altar of an unknown god.
  2143 | D:3      | Found a snail-covered altar of Cheibriados.
  2148 | D:3      | Found a faded altar of an unknown god.
  2150 | D:3      | Found a hazy altar of Hepliaklqana.
  2151 | D:3      | Found a faded altar of an unknown god.
  2352 | D:4      | Got a brightly glowing ivory ring
  2359 | D:4      | Identified the ring "Emono" {*Tele +Fly Slay+3 SInv} (You found it on level 4 of the Dungeon)
  2385 | D:4      | Noticed dscm's ghost (weakling FeTm)
  2616 | D:3      | Learned a level 4 spell: Iskenderun's Mystic Blast
  2680 | D:4      | Found a basalt altar of Yredelemnul.
  3002 | D:4      | Killed dscm's ghost
  3002 | D:4      | Reached XP level 5. HP: 28/28 MP: 6/15
  3123 | D:4      | Noticed an ogre
  3130 | D:4      | Killed an ogre
  3130 | D:4      | Reached skill level 6 in Spellcasting
  3130 | D:4      | Reached XP level 6. HP: 32/32 MP: 0/17
  3250 | D:4      | Learned a level 5 spell: Iskenderun's Battlesphere
  3541 | D:4      | Reached skill level 1 in Charms
  3624 | D:5      | Entered Level 5 of the Dungeon
  3776 | D:5      | Got a twitching silver ring
  3793 | D:5      | Reached skill level 7 in Spellcasting
  3967 | D:5      | Identified the ring "Zacsagie" {*Drain +Blink rF++ Str+2} (You found it on level 5 of the Dungeon)
  4132 | D:5      | Noticed empire's ghost (novice VSAs)
  4135 | D:5      | Reached XP level 7. HP: 36/36 MP: 9/19
  4324 | D:5      | Noticed Prince Ribbit
  4328 | D:5      | Killed Prince Ribbit
  4328 | D:5      | Reached skill level 8 in Spellcasting
  4514 | D:5      | Killed empire's ghost
  4594 | D:5      | Found a runed door.
  5024 | D:5      | Found a glowing silver altar of Zin.
  5058 | D:5      | Reached XP level 8. HP: 12/41 MP: 13/22
  5303 | D:5      | Noticed Crazy Yiuf
  5306 | D:5      | Killed Crazy Yiuf
  5313 | D:5      | Got a polished mace
  5314 | D:5      | Identified the +2 mace "Muzeyn" {flame, rPois} (You found it on level 5 of the Dungeon)
  5510 | D:2      | Killed Sigmund
  5510 | D:2      | Reached skill level 9 in Spellcasting
  5582 | D:2      | Found a deep blue altar of Sif Muna.
  5634 | D:2      | Found a faded altar of an unknown god.
  5849 | D:2      | Noticed Natasha
  5851 | D:2      | Killed Natasha
  6209 | D:6      | Noticed Duvessa
  6216 | D:6      | Killed Duvessa
  6216 | D:6      | Reached skill level 5 in Charms
  6217 | D:6      | Noticed Dowan
  6219 | D:6      | Killed Dowan
  6518 | D:6      | Found Voeq Bimm's Antique Armour Shoppe.
  6612 | D:6      | Found a staircase to the Ecumenical Temple.
  6685 | Temple   | Entered the Ecumenical Temple
  6717 | Temple   | Became a worshipper of Vehumet
  7066 | D:6      | Found a shadowy altar of Dithmenos.
  7094 | D:6      | Reached skill level 10 in Spellcasting
  7287 | D:6      | Bought a twisted ring mail for 261 gold pieces
  7297 | D:6      | Identified the +3 ring mail of Qooderch {rC+ rN++} (You bought it in a shop on level 6 of the Dungeon)
  7522 | D:7      | Reached * piety under Vehumet
  7522 | D:7      | Offered knowledge of Flame Tongue by Vehumet.
  7522 | D:7      | Reached skill level 1 in Armour
  7569 | D:7      | Reached XP level 9. HP: 45/45 MP: 4/25
  8077 | D:7      | Reached skill level 10 in Conjurations
  8396 | D:7      | Noticed Menkaure
  8399 | D:7      | Killed Menkaure
  8626 | D:8      | Offered knowledge of Sting by Vehumet.
  8626 | D:8      | Reached skill level 11 in Spellcasting
  8630 | D:8      | Reached ** piety under Vehumet
  9193 | D:8      | Found a staircase to the Lair.
  9194 | D:8      | Noticed an elephant
  9203 | D:8      | Reached XP level 10. HP: 50/50 MP: 16/27
  9274 | D:8      | Killed an elephant
  9511 | D:8      | Found a sparkling altar of Nemelex Xobeh.
  9768 | D:8      | Reached skill level 12 in Spellcasting
  9893 | D:9      | Offered knowledge of Throw Flame by Vehumet.
 10271 | D:9      | Reached skill level 5 in Armour
 10276 | D:9      | Reached *** piety under Vehumet
 10634 | D:9      | Found Ycaotoexa's Food Shoppe.
 10771 | D:9      | Noticed an enchanted dagger
 10774 | D:9      | Noticed a hand axe
 10776 | D:9      | Found a hide-covered altar of Uskayaw.
 10878 | D:9      | Found a shimmering altar of Xom.
 10878 | D:9      | Found a shimmering altar of Xom.
 10879 | D:9      | Found a shimmering altar of Xom.
 10879 | D:9      | Found a shimmering altar of Xom.
 10879 | D:9      | Found a shimmering altar of Xom.
 11105 | D:10     | Entered Level 10 of the Dungeon
 11111 | D:10     | Found a hide-covered altar of Uskayaw.
 11139 | D:10     | Noticed a gargoyle
 11141 | D:10     | Killed a gargoyle
 11141 | D:10     | Reached skill level 13 in Spellcasting
 11141 | D:10     | Reached XP level 11. HP: 54/54 MP: 18/30
 11144 | D:10     | Offered knowledge of Olgreb's Toxic Radiance by Vehumet.
 11310 | D:10     | Noticed Fartwhistle's ghost (journeyman HuFi)
 11320 | D:10     | Killed Fartwhistle's ghost
 11946 | Lair:1   | Entered Level 1 of the Lair of Beasts
 12249 | Lair:1   | Reached **** piety under Vehumet
 12403 | Lair:1   | Offered knowledge of Irradiate by Vehumet.
 12775 | Lair:1   | Reached skill level 10 in Charms
 12912 | Lair:2   | Noticed a six-headed hydra
 12916 | Lair:2   | Killed a six-headed hydra
 12917 | Lair:2   | Noticed Sonja
 12951 | Lair:2   | Killed Sonja
 12951 | Lair:2   | Reached skill level 14 in Spellcasting
 13255 | Lair:2   | Noticed a five-headed hydra
 13258 | Lair:2   | Killed a five-headed hydra
 13863 | Lair:3   | Noticed a seven-headed hydra
 13872 | Lair:3   | Killed a seven-headed hydra
 13872 | Lair:3   | Reached XP level 12. HP: 59/59 MP: 20/32
 13881 | Lair:3   | Noticed Urug
 13885 | Lair:3   | Killed Urug
 14098 | Lair:3   | Found a staircase to the Snake Pit.
 14106 | Lair:3   | Noticed Fannar
 14121 | Lair:3   | Killed Fannar
 14580 | Lair:3   | Got a scorched dagger
 14581 | Lair:3   | Identified the +4 dagger of Uwag Hor {pierce, *Slow Int-5 Dex+6} (You found it on level 3 of the Lair of Beasts)
 14813 | Lair:3   | Learned a level 5 spell: Fireball
 14956 | Lair:4   | Reached skill level 1 in Fire Magic
 15118 | Lair:4   | Noticed an eight-headed hydra
 15124 | Lair:4   | Killed an eight-headed hydra
 15124 | Lair:4   | Reached ***** piety under Vehumet
 15434 | Lair:4   | Found a staircase to the Shoals.
 15709 | Lair:4   | Offered knowledge of Force Lance by Vehumet.
 15712 | Lair:4   | Reached skill level 15 in Spellcasting
 16223 | Lair:5   | Found a labyrinth entrance.
 16238 | Lab      | Entered a labyrinth
 16398 | Lab      | Noticed Vajrapani's ghost (journeyman DrMo)
 16421 | Lab      | Slain by Vajrapani's ghost

Skill      XL: |  1  2  3  4  5  6  7  8  9 10 11 12 |
---------------+-------------------------------------+-----
Spellcasting   | 4 5 6 7 8 10 11 13 14 15 | 15.1
Conjurations   | 5 6 7 8 9 10 11 12 13 | 13.4
Charms         | 2 4 6 7 9 10 11 | 11.0
Armour         | 1 3 5 7 8 |  8.1
Dodging        | 4 |  4.8
Fire Magic     | 4 |  4.8
Stealth        | |  2.4

Action                   |  1- 3 |  4- 6 |  7- 9 | 10-12 || total
-------------------------+-------+-------+-------+-------++-------
Melee: Dagger            |       |     1 |       |       ||     1
       Mace              |       |       |       |    18 ||    18
 Cast: Magic Dart        |    90 |    75 |   163 |   290 ||   618
       Pain              |       |     2 |       |       ||     2
       Iskenderun's Myst |       |    10 |    28 |    82 ||   120
       Iskenderun's Batt |       |       |    30 |    72 ||   102
       Fireball          |       |       |       |     7 ||     7
  Use: Scroll            |     1 |     6 |     1 |     9 ||    17
       Potion            |       |       |       |     1 ||     1
  Eat: Chunk             |     1 |     9 |    18 |    25 ||    53
       Fruit             |       |       |     5 |       ||     5
Armor: Robe              |     2 |     3 |     1 |       ||     6
       Ring mail         |       |       |     9 |    44 ||    53
Dodge: Dodged            |     1 |    14 |    18 |    52 ||    85
